 Dungeon Crawl Stone Soup version 0.31-a0-1009-g454b1f1e0a (webtiles) character file.

Game seed: 15088199198325608085

36 Azuregosa the Covert (level 3, -1/26 HPs)
             Began as an Octopode Delver on Nov 14, 2023.
             Slain by a gnoll
             ... wielding a +0 spear
              (7 damage)
             ... on level 5 of the Dungeon.
             The game lasted 00:01:16 (131 turns).

Azuregosa the Covert (Octopode Delver)               Turns: 131, Time: 00:01:16

Health: -1/26      AC:  1    Str: 11    XL:     3   Next: 37%
Magic:  3/3        EV: 13    Int: 14    God:
Gold:   14         SH:  0    Dex: 13    Spells: 2/2 levels left

rFire   . . .        a - +0 mace
rCold   . . .        (no shield)
rNeg    . . .        (helmet restricted)
rPois   .            (no amulet)
rElec   .            (no ring)
rCorr   .            (no ring)
SInv    .            (no ring)
Will    .....        (no ring)
Stlth   +++++        (no ring)
HPRegen 0.24/turn    (no ring)
MPRegen 0.08/turn    (no ring)
                     (no ring)

%: no passive effects
@: no status effects
A: almost no armour, amphibious, 8 rings, camouflage 1, gelatinous body 1,
(nimble swimmer 1), tentacles
a: no special abilities


You were on level 5 of the Dungeon.
You visited 1 branch of the dungeon, and saw 1 of its levels.

You collected 14 gold pieces.

Inventory:

Hand Weapons
 a - a +0 mace (weapon)
Wands
 f - a wand of digging (3)
Scrolls
 b - a scroll of fog
 c - a scroll of revelation
 d - a scroll of fear
Potions
 e - a potion of haste
 g - a potion of lignification {unknown}


   Skills:
 - Level 3.0 Fighting
 - Level 2.0 Maces & Flails
 - Level 2.0 Dodging
 + Level 8.1 Stealth


You had 2 spell levels left.
You didn't know any spells.
Your spell library was empty.

Dungeon Overview and Level Annotations

Branches:
Dungeon (5/15)
 Temple: D:4-7

Altars:
Wu Jian


Innate Abilities, Weirdness & Mutations

You cannot wear most types of armour.
You are amphibious.
You can wear up to eight rings at the same time.
Your skin changes colour to match your surroundings (Stealth+).
Your rubbery body absorbs attacks. (AC +1, EV +1)
((You are camouflaged when in or above water. (Stealth+)))
You have tentacles for arms and can constrict up to eight enemies at once.


Message History

Found a pair of gloves.
A gnoll comes into view.
It is wielding a +0 spear. 2 gnolls come into view.
Found a stone staircase leading up.
You see here a +0 pair of gloves.
The gnoll shouts! x3
A gnoll comes into view. It is wielding a +0 club.
The gnoll shouts!
You hit the gnoll. Your grab misses the gnoll.
The gnoll is heavily wounded.
You hit the gnoll. Your grab misses the gnoll.
The gnoll is moderately wounded.
You closely miss the gnoll. Your grab misses the gnoll.
The gnoll is moderately wounded.
The gnoll closely misses you. The gnoll hits you with a +0 flail!
You hit the gnoll but do no damage. Your grab misses the gnoll.
The gnoll is moderately wounded.
The gnoll hits you with a +0 flail!
You hit the gnoll. Your grab misses the gnoll. Your squeeze misses the gnoll.
The gnoll is heavily wounded.
The gnoll hits you with a +0 flail.
* * * LOW HITPOINT WARNING * * *
You hit the gnoll but do no damage. Your grab misses the gnoll.
You squeeze the gnoll, but do no damage.
The gnoll is heavily wounded.
The gnoll closely misses you.
You hit the gnoll but do no damage. Your grab misses the gnoll.
You squeeze the gnoll.
The gnoll is almost dead.
The gnoll barely misses you. The gnoll closely misses you.
You hit the gnoll.
You kill the gnoll!
Your Stealth skill increases to level 8!
You hit the gnoll but do no damage. You grab the gnoll.
The gnoll is heavily wounded.
You constrict the gnoll. The gnoll completely misses you.
You sock the gnoll!
You kill the gnoll!
The gnoll hits you from afar with a +0 spear!
You die...

### ..# #........
#.##..#.# #.##..#.# .
#.##..#.# ...
#.##..#.# #.#
.....####.##..#.# ...
#.gg)@..[...#.####.# #
#<#####.#..##.##.#.#.#
..............#.#.#
..................#
................#.###
.###.#...##...#.#...#
...#...##...#...#.#
##.#........#†#....
#..###...#.#...#


You could see 2 gnolls.

Vanquished Creatures
  An iguana (D:5)
  2 gnolls (D:5)
  An orc (D:5)
4 creatures vanquished.

Notes
Turn   | Place    | Note
-------+----------+-------------------------------------------
     0 | D:5      | Azuregosa the Octopode Delver began the quest for the Orb.
     0 | D:5      | Reached XP level 1. HP: 16/16 MP: 1/1
     2 | D:5      | Found an ornate altar of the Wu Jian Council.
    21 | D:5      | Noticed a spectral centipede
    21 | D:5      | Noticed a spectral black mamba
    21 | D:5      | Noticed a spectral scorpion
    21 | D:5      | Noticed a spectral cane toad
    73 | D:5      | Noticed an iguana
    80 | D:5      | Killed an iguana
    81 | D:5      | Reached skill level 7 in Stealth
    81 | D:5      | Reached XP level 2. HP: 16/21 MP: 2/2
    81 | D:5      | Reached XP level 3. HP: 19/26 MP: 3/3
   130 | D:5      | Reached skill level 8 in Stealth
   131 | D:5      | Slain by a gnoll

Illustrated notes

Levels and vault maps discovered:
D:5:      layout_basic, pdpol_wu_jian_five_deadly_venoms, uniq_duvessa

Skill      XL: |  1  2  3 |
---------------+----------+-----
Stealth        | 7 8 |  8.1
Fighting       | |  3.0
Maces & Flails | |  2.0
Dodging        | |  2.0

Action                     || total
---------------------------++-------
  Melee: Mace              ||    17
         Constrict         ||     3
         Tentacles         ||     3
 Armour: Skin              ||     6
  Dodge: Dodged            ||    10

Table legend: (Time is in decaauts)
 A = Elapsed time spent in this place.
 B = Non-inter-level travel time spent in this place.
 C = Inter-level travel time spent in this place.
 D = Time resting spent in this place.
 E = Time spent auto-exploring this place.
 F = Levels seen in this place.
 G = Mean time per level.
                   A        B        C        D        E       F      G
               +--------+--------+--------+--------+--------+-----+--------+
         Total |    135 |    135 |      0 |     26 |     55 |   1 |  135.0 |
       Dungeon |    135 |    135 |      0 |     26 |     55 |   1 |  135.0 |
               +--------+--------+--------+--------+--------+-----+--------+

Top non-repeatable levels by time:
     D:5: 135 daAuts
